 Dungeon Crawl Stone Soup version 0.14.0-24-gfb45beb (webtiles) character file.

2043 Heini the Cleaver (level 9, -10/78 HPs)
             Began as a Hill Orc Fighter on Apr 22, 2014.
             Was a Follower of Okawaru.
             Mangled by a goliath beetle (17 damage)
             ... on Level 8 of the Dungeon.
             The game lasted 00:28:41 (7453 turns).

Heini the Cleaver (Hill Orc Fighter)                Turns: 7453, Time: 00:28:42

HP -10/78        AC  9     Str 22      XL: 9   Next: 11%
MP   9/9         EV  7     Int  8      God: Okawaru [*.....]
Gold 205         SH 21     Dex 10      Spells:  0 memorised,  8 levels left

rFire  . . .     SeeInvis .     a - +1,+0 war axe
rCold  . . .     Clarity  .     b - +0 scale mail
rNeg   . . .     Conserve .     c - +0 shield
rPois  .         rCorr    +     y - +0 helmet (curse)
rElec  .         rRot     .     (no cloak)
SustAb . .       Spirit   .     (no gloves)
rMut   .         Warding  .     (no boots)
Saprov + . .     Stasis   .     B - amulet of resist corrosion
MR     .....                    (no ring)
                                (no ring)

@: not resistant to hostile enchantments, extremely unstealthy
A: saprovore 1
a: Heroism, Renounce Religion


You were on level 8 of the Dungeon.
You worshipped Okawaru.
Okawaru was aware of your devotion.
You were very hungry.

You visited 2 branches of the dungeon, and saw 10 of its levels.

You collected 257 gold pieces.
You spent 52 gold pieces at shops.

Inventory:

Hand weapons
 a - a +1,+0 war axe (weapon)
Armour
 b - a +0 scale mail (worn)
 c - a +0 shield (worn)
 e - a +1 plate armour
 h - a +0 plate armour
 y - a cursed +0 helmet (worn)
Magical devices
 u - a wand of draining (4)
Comestibles
 d - 3 meat rations
 j - 2 bread rations
 r - an apple
 z - an apricot
 A - an orange
Scrolls
 f - a scroll of enchant weapon I
 g - a scroll of fog {unknown}
 l - a scroll of immolation {unknown}
 m - 2 scrolls of remove curse {unknown}
 n - 2 scrolls of teleportation {unknown}
 w - a scroll of random uselessness {unknown}
 C - 2 scrolls of amnesia
 F - a scroll of blinking {unknown}
 H - 2 scrolls of identify
Jewellery
 q - an uncursed amulet of inaccuracy {unknown}
 B - an amulet of resist corrosion (around neck)
 D - a +1 ring of dexterity {unknown}
Potions
 i - 4 potions of curing
 k - 2 potions of heal wounds
 o - a potion of poison {unknown}
 p - a potion of brilliance {unknown}
 s - a potion of mutation {unknown}
 v - a potion of haste {unknown}
 x - a potion of restore abilities {unknown}
 E - a potion of resistance {unknown}


   Skills:
 * Level 6.4 Fighting
 * Level 8.6 Axes
 * Level 8.5 Armour
 + Level 6.1 Shields
 + Level 0.2 Evocations


You had 8 spell levels left.
You didn't know any spells.

Dungeon Overview and Level Annotations

Branches:
Dungeon (9/15)             Temple (1/1) D:5
    Orc: D:9-12        Lair: D:8-11

Altars:
Cheibriados
Dithmenos
Elyvilon
Fedhas
Kikubaaqudgha
Makhleb
Nemelex Xobeh
Okawaru
Sif Muna
Trog
Vehumet
Xom
Yredelemnul
Zin

Shops:
D:4 *

Annotations:
D:3 yahmik's ghost, weakling DsCK
D:5 exclusion: oklob plant


Innate Abilities, Weirdness & Mutations

You can tolerate rotten meat.


Message History

The goliath beetle is moderately wounded.
You block the goliath beetle's attack.
You are feeling very hungry.
You hit the goliath beetle but do no damage.
The goliath beetle is moderately wounded.
You slash the goliath beetle!
The goliath beetle is heavily wounded.
You block the goliath beetle's attack.
Your shield and scale mail prevent you from hitting the goliath beetle.
The goliath beetle is heavily wounded.
You hit the goliath beetle but do no damage.
The goliath beetle is heavily wounded.
You feel like a meek peon again. The goliath beetle closely misses you.
You hit the goliath beetle.
The goliath beetle is heavily wounded.
You hit the goliath beetle.
The goliath beetle is severely wounded.
The goliath beetle bites you!
You die...

#### ##############..
#
#...@B.......#.####.#
#.####.#.##..#..<....
##.## #.#..........#
#...###.#..#..#.#[.#
#%#..##.####..#.#.....
#>...##.. ....#.......
####.##########.......
.# ###..... .# ###.#


You could see a goliath beetle.

Vanquished Creatures
  The ghost of Heini the Cudgeler, an average MiBe of Trog (D:4)
  A deep elf mage (D:6)
  3 ice beasts (D:6)
  An orc warrior (D:8)
  A black bear (D:5)
  2 phantoms
  An ogre (D:5)
  Sigmund (D:2)
  A giant slug (D:5)
  2 giant frogs
  2 scorpions (D:6)
  3 crimson imps
  2 big fish (D:5)
  A goliath beetle (D:6)
  An orc priest (D:3)
  2 hounds
  2 jellies
  3 orc wizards
  3 worker ants (D:5)
  A hound skeleton (D:4)
  10 adders
  4 worms
  A giant eyeball (D:4)
  An ooze (D:3)
  21 orcs
  4 ball pythons
  11 goblins
  12 hobgoblins
  8 jackals
  4 quokkas
  10 bats
  4 giant cockroaches
  3 giant geckos
  A giant gecko skeleton (D:5)
  7 giant newts
  12 kobolds
  2 quokka zombies
  10 rats
  A rat zombie (D:5)
160 creatures vanquished.

Vanquished Creatures (others)
  12 toadstools (D:5)
12 creatures vanquished.

Grand Total: 172 creatures vanquished

Notes
Turn   | Place    | Note
--------------------------------------------------------------
     0 | D:1      | Heini, the Hill Orc Fighter, began the quest for the Orb.
     0 | D:1      | Reached XP level 1. HP: 19/19 MP: 1/1
   251 | D:1      | Reached XP level 2. HP: 27/27 MP: 2/2
   729 | D:2      | Reached skill level 4 in Fighting
   729 | D:2      | Reached XP level 3. HP: 20/33 MP: 3/3
  1252 | D:2      | Noticed Sigmund
  1719 | D:3      | Reached XP level 4. HP: 38/40 MP: 4/4
  2025 | D:3      | Noticed yahmik's ghost (weakling DsCK)
  2248 | D:2      | Reached XP level 5. HP: 11/47 MP: 5/5
  2623 | D:2      | Killed Sigmund
  2623 | D:2      | Reached skill level 5 in Armour
  2971 | D:3      | Reached XP level 6. HP: 53/53 MP: 6/6
  3541 | D:4      | Noticed Heini's ghost (average MiBe)
  3801 | D:4      | Killed Heini's ghost
  3801 | D:4      | Reached skill level 5 in Axes
  3801 | D:4      | Reached skill level 6 in Armour
  3801 | D:4      | Reached XP level 7. HP: 26/60 MP: 7/7
  3937 | D:4      | Noticed a phantom
  3989 | D:4      | Killed a phantom
  4046 | D:4      | Reached skill level 5 in Fighting
  4210 | D:4      | Paralysed by a giant eyeball for 2 turns
  4213 | D:4      | Paralysed by a giant eyeball for 2 turns
  4221 | D:4      | Paralysed by a giant eyeball for 4 turns
  4229 | D:4      | Paralysed by a giant eyeball for 2 turns
  4234 | D:4      | Paralysed by a giant eyeball for 4 turns
  4250 | D:4      | Found Faepp's Assorted Antiques.
  4253 | D:4      | Bought a scroll of identify for 52 gold pieces
  4391 | D:5      | Entered Level 5 of the Dungeon
  4588 | D:5      | Found a staircase to the Ecumenical Temple.
  5028 | Temple   | Entered the Ecumenical Temple
  5059 | Temple   | Became a worshipper of Warmaster Okawaru
  5269 | D:5      | Reached skill level 7 in Armour
  5312 | D:5      | Found a blossoming altar of Fedhas.
  5328 | D:5      | Reached XP level 8. HP: 62/68 MP: 8/8
  5350 | D:5      | Reached skill level 5 in Shields
  5363 | D:5      | Noticed an oklob plant
  5625 | D:5      | Found a snail-covered altar of Cheibriados.
  6876 | D:6      | Acquired Okawaru's first power
  6876 | D:6      | Reached skill level 8 in Axes
  7169 | D:6      | Reached XP level 9. HP: 42/75 MP: 9/9
  7374 | D:6      | You fall through a shaft for 3 floors!
  7453 | D:8      | Mangled by a goliath beetle

Action                   |  1- 3 |  4- 6 |  7- 9 || total
-------------------------+-------+-------+-------++-------
Melee: War axe           |   131 |   203 |   443 ||   777
Invok: Heroism           |       |       |     1 ||     1
Evoke: Wand              |       |       |     2 ||     2
  Use: Potion            |       |     1 |     1 ||     2
       Scroll            |       |       |     7 ||     7
